 Dungeon Sprint DCSS version 0.18-a0-1784-ga939a68 (webtiles) character file.

42968 Kidiri the Peltast (level 14, -13/104 HPs)
             Began as a Gargoyle Fighter on Apr 18, 2016.
             Was the Champion of Okawaru.
             Killed from afar by a fire giant (46 damage)
             ... with a fireball
             ... in the Dungeon (Sprint IX: "|||||||||||||||||||||||||||||").
             The game lasted 00:45:51 (3745 turns).

Kidiri the Peltast (Gargoyle Fighter)               Turns: 3745, Time: 00:45:52

Health: -13/104    AC: 29    Str: 29    XL:     14   Next: 22%
Magic:  10/17      EV: 20    Int:  9    God:    Okawaru [******]
Gold:   1214       SH: 20    Dex: 11    Spells: 0 memorised, 13 levels left

rFire  . . .     SeeInvis .     a - +2 morningstar (crush)
rCold  . . .     Gourm    .     C - +1 plate armour of the Many Gods {rPois Str+4 Stlth+}
rNeg   + . .     Faith    .     b - +2 shield {reflect}
rPois  ∞         Spirit   .     c - +1 helmet
rElec  +         Dismiss  .     A - +0 cloak
rCorr  .         Reflect  +     (no gloves)
SustAt .         Harm     .     o - +1 pair of boots
MR     +....     NoTele   +     (no amulet)
Stlth  ..........               q - +2 ring of protection
                                E - +3 ring of evasion

@: heroism, finesse, corroded, somewhat resistant to hostile enchantments,
extremely unstealthy
A: big wings, claws 1, low mp 2, negative energy resistance 1, regeneration 1,
electricity resistance, strong 1, unbreathing, petrification resistance, rot
immunity, AC +9
a: Fly, Heroism, Finesse, Renounce Religion


You were in the Dungeon.
You worshipped Okawaru.
Okawaru was exalted by your worship.
You were not hungry.

You visited 1 branch You collected 1919 gold pieces.
You spent 705 gold pieces at shops.

Inventory:

Hand Weapons
 a - a +2 morningstar of crushing (weapon)
Missiles
 B - 3 silver javelins (quivered)
 D - 17 javelins of returning
Armour
 b - a +2 shield of reflection (worn)
 c - a +1 helmet (worn)
 o - a +1 pair of boots (worn)
 p - a +2 robe of cold resistance
 A - a +0 cloak (worn)
 C - the +1 plate armour of the Many Gods (worn) {rPois Str+4 Stlth+}
   (You bought it in a shop in the Dungeon)

   It affects your strength (+4).
   It protects you from poison.
   It makes you more stealthy.
Jewellery
 q - a +2 ring of protection (right claw)
 E - a +3 ring of evasion (left claw)
Wands
 n - a wand of iceblast (7/15)
Scrolls
 k - 2 scrolls of blinking
 l - 4 scrolls of remove curse
 m - 2 scrolls of amnesia
 t - a scroll of fog
 v - 2 scrolls of fear
 x - a scroll of identify
 y - 3 scrolls of recharging
Potions
 d - 2 potions of might
 e - 7 potions of curing
 g - a potion of heal wounds
 h - a potion of haste
 i - 4 potions of magic
 j - a potion of invisibility
 r - 3 potions of berserk rage
 s - a potion of resistance
Comestibles
 f - 12 bread rations
 u - 3 chunks of flesh
 w - 11 meat rations
 z - 43 fruits


   Skills:
 * Level 18.1(23.1) Fighting
 + Level 12.4(17.4) Maces & Flails
 + Level 9.0(14.0) Throwing
 * Level 18.0(23.0) Armour
 * Level 14.2(19.2) Dodging
 * Level 18.2(23.2) Shields
 - Level 11.0 Invocations


You had 13 spell levels left.
You didn't know any spells.

Dungeon Overview and Level Annotations

Branches:
Dungeon (1/1)

Altars:
Cheibriados
Dithmenos
Elyvilon
Fedhas
Gozag
Kikubaaqudgha
Makhleb
Nemelex Xobeh
Okawaru
Pakellas
Qazlal
Ru
Sif Muna
Trog
Vehumet
Xom
Yredelemnul
Zin
The Shining One
Beogh
Jiyva
Lugonu

Shops:
D !%*:


Innate Abilities, Weirdness & Mutations

You are resistant to torment.
Your stone body is resilient (AC +9).
You are immune to poison.
Your large and strong wings let you fly indefinitely.
You resist negative energy.
You are resistant to electric shocks.
You can survive without breathing.
You are immune to petrification.
You are immune to rotting.
You have sharp fingernails.
Your magical capacity is very low (-20% MP).
Your natural rate of healing is unusually fast.
Your muscles are strong. (Str +2)


Message History

* * * LOW HITPOINT WARNING * * *
Unknown command.
Drink which item? (? for menu, Esc to quit)
You feel much better.
You gain the combat prowess of a mighty hero.
You feel slightly more hungry.
The fire giant hits you but does no damage.
You can now deal lightning-fast blows.
You feel somewhat more hungry.
The fire giant hits you but does no damage.
Unknown command.
You puncture the fire giant!
The fire giant is severely wounded.
You puncture the fire giant!
The fire giant is almost dead.
You hit the fire giant but do no damage.
The fire giant is almost dead.
The fire giant points at you and mumbles some strange words.
The fireball explodes!
The fireball engulfs you!
You die...

.▓.▓.▓.▓)▓.▓)▓.▓(▓
.▓.▓.▓.▓)▓.▓.▓.▓)▓
.▓.▓.▓.▓)▓.▓)▓.▓.▓
.▓.▓.▓.▓)▓.▓.▓.▓.▓
'▓.▓)▓.▓)▓.▓.▓.▓†▓
%▓.▓.▓.▓)▓.▓.▓.▓)▓
.▓.▓.▓.▓.▓.▓%▓.▓)▓
.▓.▓.▓.▓[▓.▓%▓.▓†▓
.▓.▓.▓.▓[▓.▓%▓.▓@▓
.▓.▓.▓.▓[▓.▓.▓.▓C▓
.▓.▓)▓.▓[▓(▓%▓.▓c▓
.▓.▓)▓.▓[▓)▓.▓.▓D▓
.▓.▓)▓.▓[▓.▓.▓.▓c▓
.▓.▓)▓.▓[▓.▓.▓.▓h▓
%▓)▓)▓.▓[▓.▓.▓.▓.▓
.▓.▓.▓.▓.▓.▓.▓.▓.▓
.▓.▓.▓.▓.▓.▓.▓.▓


You could see a fire giant, a fire dragon, a yaktaur captain, a yaktaur and a
black bear shaped shifter.

Vanquished Creatures
  Rupert (D)
  Frances (D)
  A greater naga (D)
  A very ugly thing (D)
  A stone giant (D)
  An ettin (D)
  A merfolk javelineer (D)
  A merfolk impaler (D)
  2 fire dragons (D)
  2 entropy weavers (D)
  A ghost crab (D)
  A hydra (D)
  Harold (D)
  3 ice dragons (D)
  An anaconda (D)
  2 centaur warriors (D)
  A merfolk avatar (D)
  A tengu warrior (D)
  2 deep troll shamans (D)
  2 alligators (D)
  An ogre mage (D)
  A hell knight (D)
  A shock serpent (D)
  2 sea snakes (D)
  A spriggan druid (D)
  A harpy (D)
  A naga ritualist (D)
  A hill giant (D)
  8 orc knights (D)
  A shambling mangrove (D)
  An orb spider (D)
  A wizard (D)
  2 wolf spiders (D)
  An ugly thing (D)
  An orc sorcerer (D)
  2 cyclopes (D)
  Joseph (D)
  A naga mage (D)
  3 black mambas (D)
  2 octopodes (shapeshifter) (D)
  A torpor snail (D)
  A spiny frog (D)
  2 yaktaurs (D)
  4 jumping spiders (D)
  A merfolk (D)
  A snapping turtle (D)
  A tarantella (D)
  3 wargs (D)
  A vampire mosquito (D)
  2 nagas (D)
  A hell hound (D)
  4 water moccasins (D)
  4 porcupines (D)
  An ice beast (D)
  2 wasps (D)
  3 sky beasts (D)
  18 orc warriors (D)
  4 wolves (D)
  3 crocodiles (D)
  2 giant frogs (D)
  A scorpion (D)
  4 crimson imps (D)
  A quasit (D)
  A jelly (D)
  2 orc priests (D)
  2 iguanas (D)
  4 orc wizards (D)
  A river rat (D)
  An adder zombie (D)
  2 adder skeletons (D)
  A dart slug (D)
  5 orcs (D)
  2 hobgoblins (D)
  A jackal zombie (D)
  A kobold (D)
  A rat (D)
149 creatures vanquished.

Vanquished Creatures (others)
  A naga mage (D)
  A spiny frog (D)
  A giant leech (D)
  An orc (D)
4 creatures vanquished.

Grand Total: 153 creatures vanquished

Notes
Turn   | Place    | Note
--------------------------------------------------------------
     0 | D        | Kidiri the Gargoyle Fighter began the quest for the Orb.
     0 | D        | Reached XP level 1. HP: 14/14 MP: 1/1
    15 | D        | Reached skill level 1 in Dodging
    16 | D        | Reached XP level 2. HP: 19/20 MP: 2/2
   128 | D        | Noticed a sky beast
   128 | D        | Noticed a crimson imp
   146 | D        | Killed a sky beast
   146 | D        | Reached skill level 5 in Fighting
   146 | D        | Reached skill level 5 in Armour
   146 | D        | Reached skill level 5 in Shields
   146 | D        | Reached XP level 3. HP: 27/27 MP: 3/3
   146 | D        | Reached XP level 4. HP: 32/32 MP: 4/4
   173 | D        | Reached XP level 5. HP: 32/36 MP: 5/5
   182 | D        | Gained mutation: Your magical capacity is low (-10% MP). [mutagenic meat]
   183 | D        | Gained mutation: You have sharp fingernails. [mutagenic meat]
   184 | D        | Gained mutation: Your muscles are strong. (Str +2) [mutagenic meat]
   185 | D        | Gained mutation: Your magical capacity is very low (-20% MP). [mutagenic meat]
   208 | D        | Found a glowing silver altar of Zin.
   208 | D        | Found a glowing golden altar of the Shining One.
   208 | D        | Found an ancient bone altar of Kikubaaqudgha.
   208 | D        | Found a basalt altar of Yredelemnul.
   208 | D        | Found a shimmering altar of Xom.
   208 | D        | Found a radiant altar of Vehumet.
   209 | D        | Found an iron altar of Okawaru.
   210 | D        | Found a burning altar of Makhleb.
   211 | D        | Found a deep blue altar of Sif Muna.
   212 | D        | Found a bloodstained altar of Trog.
   213 | D        | Found a sparkling altar of Nemelex Xobeh.
   214 | D        | Found a white marble altar of Elyvilon.
   215 | D        | Found a roughly hewn altar of Beogh.
   216 | D        | Found a viscous altar of Jiyva.
   217 | D        | Became a worshipper of Warmaster Okawaru
   218 | D        | Found a corrupted altar of Lugonu.
   219 | D        | Found a blossoming altar of Fedhas.
   220 | D        | Found a snail-covered altar of Cheibriados.
   221 | D        | Found a shadowy altar of Dithmenos.
   222 | D        | Found a stormy altar of Qazlal.
   223 | D        | Found an opulent altar of Gozag.
   224 | D        | Found a sacrificial altar of Ru.
   225 | D        | Found an oddly glowing altar of Pakellas.
   272 | D        | Noticed a sky beast
   272 | D        | Noticed an ice beast
   282 | D        | Killed a sky beast
   282 | D        | Reached skill level 1 in Invocations
   282 | D        | Reached XP level 6. HP: 41/44 MP: 4/5
   287 | D        | Killed an ice beast
   289 | D        | Reached skill level 5 in Dodging
   315 | D        | Reached skill level 5 in Maces & Flails
   377 | D        | Noticed a centaur warrior
   377 | D        | Noticed a sky beast
   377 | D        | Noticed an octopode
   383 | D        | Killed a centaur warrior
   383 | D        | Reached * piety under Okawaru
   383 | D        | Reached ** piety under Okawaru
   383 | D        | Reached XP level 7. HP: 49/51 MP: 6/8
   383 | D        | Reached XP level 8. HP: 54/56 MP: 6/9
   393 | D        | Reached skill level 5 in Invocations
   397 | D        | Killed an octopode
   397 | D        | Reached *** piety under Okawaru
   397 | D        | Reached skill level 10 in Fighting
   397 | D        | Reached skill level 10 in Armour
   397 | D        | Reached skill level 10 in Shields
   617 | D        | Noticed a spiny frog
   621 | D        | Reached XP level 9. HP: 63/63 MP: 8/10
   622 | D        | Noticed a black mamba
   659 | D        | Killed a spiny frog
   663 | D        | Killed a black mamba
   663 | D        | Reached **** piety under Okawaru
   871 | D        | Noticed a seven-headed hydra
   871 | D        | Noticed a black mamba
   881 | D        | Killed a seven-headed hydra
   881 | D        | Reached XP level 10. HP: 65/71 MP: 10/12
   887 | D        | Killed a black mamba
   891 | D        | Reached ***** piety under Okawaru
   968 | D        | Received a gift from Okawaru
  1233 | D        | Reached skill level 1 in Throwing
  1299 | D        | Noticed an orc sorcerer
  1299 | D        | Noticed an orc knight
  1312 | D        | Noticed an orc knight
  1682 | D        | Killed an orc knight
  1682 | D        | Reached XP level 11. HP: 77/77 MP: 6/13
  1901 | D        | Noticed a sun demon
  1902 | D        | Reached skill level 10 in Dodging
  1914 | D        | Killed an orc sorcerer
  1927 | D        | Killed an orc knight
  1969 | D        | Found Kegedux's Distillery.
  1969 | D        | Noticed an orc knight
  1969 | D        | Noticed an orc knight
  1969 | D        | Noticed an orc knight
  1971 | D        | Noticed an orc knight
  1984 | D        | Killed an orc knight
  1985 | D        | Found Reamp's Food Shoppe.
  2002 | D        | Killed an orc knight
  2016 | D        | Killed an orc knight
  2029 | D        | Killed an orc knight
  2030 | D        | Found Piyrchie's General Store.
  2036 | D        | Received a gift from Okawaru
  2042 | D        | Found Cewaxije's Book Shoppe.
  2044 | D        | Noticed an orc knight
  2047 | D        | Noticed an orc knight
  2061 | D        | Killed an orc knight
  2070 | D        | Killed an orc knight
  2137 | D        | Bought the +1 plate armour of the Many Gods {rPois Str+4 Stlth+} for 705 gold pieces
  2326 | D        | Noticed Harold
  2336 | D        | Killed Harold
  2336 | D        | Received a gift from Okawaru
  2524 | D        | Noticed a hill giant
  2524 | D        | Noticed a green ugly thing
  2524 | D        | Noticed a wizard
  2524 | D        | Noticed a centaur warrior
  2534 | D        | Killed a hill giant
  2541 | D        | Killed a green ugly thing
  2542 | D        | Noticed a cyclops
  2544 | D        | Killed a wizard
  2549 | D        | Killed a centaur warrior
  2549 | D        | Reached XP level 12. HP: 78/86 MP: 8/15
  2553 | D        | Noticed a fire dragon
  2554 | D        | Noticed an ettin
  2558 | D        | Noticed an ogre mage
  2561 | D        | Noticed an ice dragon
  2563 | D        | Noticed a stone giant
  2570 | D        | Noticed a cyan very ugly thing
  2573 | D        | Killed a fire dragon
  2573 | D        | Reached skill level 10 in Maces & Flails
  2573 | D        | Reached skill level 5 in Throwing
  2577 | D        | Killed an ettin
  2577 | D        | Reached skill level 15 in Shields
  2577 | D        | Reached skill level 10 in Invocations
  2581 | D        | Killed an ogre mage
  2581 | D        | Reached skill level 15 in Fighting
  2594 | D        | Killed an ice dragon
  2594 | D        | Reached skill level 15 in Armour
  2614 | D        | Killed a stone giant
  2614 | D        | Reached ****** piety under Okawaru
  2628 | D        | Killed a cyan very ugly thing
  2648 | D        | Gained mutation: Your natural rate of healing is unusually fast. [mutagenic meat]
  2842 | D        | Noticed Joseph
  2856 | D        | Killed Joseph
  3024 | D        | Noticed a merfolk impaler
  3027 | D        | Noticed a merfolk javelineer
  3031 | D        | Killed a merfolk impaler
  3042 | D        | Noticed a merfolk avatar
  3049 | D        | Received a gift from Okawaru
  3063 | D        | Killed a merfolk javelineer
  3063 | D        | Reached XP level 13. HP: 77/93 MP: 10/16
  3189 | D        | Noticed a greater naga
  3208 | D        | Killed a greater naga
  3208 | D        | Received a gift from Okawaru
  3514 | D        | Noticed Frances
  3530 | D        | Noticed Rupert
  3531 | D        | Killed Frances
  3531 | D        | Received a gift from Okawaru
  3546 | D        | Killed Rupert
  3636 | D        | Noticed an entropy weaver
  3636 | D        | Noticed an ice dragon
  3636 | D        | Noticed a fire dragon
  3641 | D        | Killed an entropy weaver
  3642 | D        | Noticed an entropy weaver
  3660 | D        | Killed an ice dragon
  3660 | D        | Gained mutation: Your large and strong wings let you fly indefinitely. [Gargoyle growth]
  3660 | D        | Reached XP level 14. HP: 45/103 MP: 12/17
  3692 | D        | Noticed a fire giant
  3745 | D        | Killed from afar by a fire giant

Vault maps used:
D:        linesprint

Skill      XL: |  1  2  3  4  5  6  7  8  9 10 11 12 13 14 |
---------------+-------------------------------------------+-----
Dodging        | 1 3 4 6 7 8 9 11 12 13 14 | 14.2
Fighting       | 5 6 7 9 10 11 12 14 15 17 18 | 18.1
Armour         | 5 6 7 9 10 11 12 14 15 17 18 | 18.0
Maces & Flails | 3 4 6 7 8 9 10 12 | 12.4
Shields        | 5 6 9 10 11 13 14 15 17 18 | 18.2
Invocations    | 1 4 5 7 8 9 10 11 | 11.0
Throwing       | 1 4 6 8 9 |  9.0

Action                   |  1- 3 |  4- 6 |  7- 9 | 10-12 | 13-15 || total
-------------------------+-------+-------+-------+-------+-------++-------
Melee: Flail             |    29 |    16 |       |       |       ||    45
       Morningstar       |       |    47 |    87 |   436 |   231 ||   801
Throw: Javelin           |       |       |       |    13 |    14 ||    27
       Throwing net      |       |       |       |     1 |     1 ||     2
Invok: Heroism           |       |       |     2 |    12 |     5 ||    19
       Finesse           |       |       |       |     8 |     5 ||    13
  Use: Potion            |     1 |       |       |     3 |     3 ||     7
       Scroll            |       |       |     2 |     1 |       ||     3
 Stab: Held in net/web   |       |       |       |     1 |       ||     1
  Eat: Chunk             |       |     4 |     1 |     5 |       ||    10
       Bread ration      |       |       |       |     1 |       ||     1
       Meat ration       |       |       |       |     1 |       ||     1
Armor: Scale mail        |    12 |    10 |       |       |       ||    22
       Plate armour      |       |    80 |    36 |    52 |    63 ||   231
Dodge: Dodged            |     7 |    27 |    21 |    72 |    82 ||   209
Block: Shield            |     9 |    54 |    57 |   176 |   144 ||   440
       Reflection        |       |       |       |    10 |     5 ||    15
